 Dungeon Crawl Stone Soup version 0.26-a0-6-g448add79b7 (webtiles) character file.

Game seed: 1082435115963482138, levelgen mode: deterministic

2234 Echocat the Covered (level 9, -3/75 HPs)
             Began as a Minotaur Berserker on May 24, 2020.
             Was an Elder of Trog.
             Slain by a two-headed ogre
             ... wielding a +0 giant club
              (13 damage)
             ... on level 8 of the Dungeon.
             The game lasted 00:27:25 (7834 turns).

Echocat the Covered (Minotaur Berserker)            Turns: 7834, Time: 00:27:26

Health: -3/75      AC: 18    Str: 26    XL:     9   Next: 14%
Magic:  8/8        EV:  9    Int:  4    God:    Trog [****..]
Gold:   425        SH: 10    Dex:  9    Spells: 8/8 levels left

rFire    + . .     SeeInvis .   x - +2 dagger (protect)
rCold    . . .     Gourm    .   j - +0 kite shield
rNeg     . . .     Faith    .   e - +0 chain mail
rPois    .         Spirit   .   (helmet restricted)
rElec    .         Reflect  .   (no cloak)
rCorr    +         Harm     .   C - +0 pair of gloves
MR       .....                  (no boots)
Stlth    ..........             i - amulet of magic regeneration
HPRegen  0.22/turn              r - ring of resist corrosion
MPRegen  0.36/turn              g - ring of protection from fire

@: brilliant, protection aura
A: retaliatory headbutt, horns 2
a: Berserk, Trog's Hand, Brothers in Arms, Renounce Religion


You were on level 8 of the Dungeon.
You worshipped Trog.
Trog was greatly pleased with you.
You were not hungry.

You visited 2 branches of the dungeon, and saw 9 of its levels.

You collected 425 gold pieces.

Inventory:

Hand Weapons
 a - a +0 short sword
 m - a +1 mace of protection
 v - a +1 spear of freezing
 w - a +1 flail of holy wrath
 x - a +2 dagger of protection (weapon)
 B - a +1 mace of holy wrath
Missiles
 o - 7 poisoned darts
 p - 2 javelins
 D - 4 boomerangs (quivered)
Armour
 e - a +0 chain mail (worn)
 j - a +0 kite shield (worn)
 C - a +0 pair of gloves (worn)
Jewellery
 b - an uncursed ring of wizardry
 g - a ring of protection from fire (right hand)
 i - an amulet of magic regeneration (around neck)
 r - a ring of resist corrosion (left hand)
Wands
 u - a wand of clouds (3)
 y - a wand of random effects (39)
Scrolls
 n - 4 scrolls of teleportation
 q - 5 scrolls of remove curse
 s - 3 scrolls of identify
Potions
 d - a potion of brilliance
 f - a potion of heal wounds {unknown}
 h - a potion of lignification
 k - 8 potions of curing
 l - a potion of mutation {unknown}
 t - a potion of degeneration {unknown}
 A - a potion of haste {unknown}
Comestibles
 c - 13 rations
 z - 3 chunks of flesh


   Skills:
 + Level 6.0 Fighting
 + Level 5.6 Short Blades
 * Level 4.8 Throwing
 * Level 6.5 Armour
 * Level 6.0 Dodging
 + Level 2.8 Stealth
 * Level 5.7 Shields


You had 8 spell levels left.
You didn't know any spells.
Your spell library contained the following spells:

 Spells                   Type           Power        Failure   Level  Hunger
 Animate Skeleton         Necr           N/A          100%        1    None
 Apportation              Tloc           #.....       100%        1    None
 Corona                   Hex            #......      100%        1    None
 Pain                     Necr           #...         100%        1    None
 Sting                    Tmut/Pois      #...         100%        1    None
 Summon Small Mammal      Summ           #...         100%        1    None
 Poisonous Vapours        Pois/Air       #.....       100%        2    None
 Confusing Touch          Hex            #.......     100%        3    None
 Gell's Gravitas          Tloc           #.........   100%        3    None
 Ignite Poison            Fire/Tmut/Pois #.......     100%        3    None
 Mephitic Cloud           Conj/Pois/Air  #.......     100%        3    None
 Vampiric Draining        Necr           #.........   100%        3    None
 Animate Dead             Necr           N/A          100%        4    None
 Olgreb's Toxic Radiance  Pois           #.......     100%        4    None
 Petrify                  Tmut/Erth      #.......     100%        4    None
 Agony                    Necr           #.......     100%        5    None
 Metabolic Englaciation   Hex/Ice        #.........   100%        5    None
 Yara's Violent Unravell  Hex/Tmut       #.........   100%        5    None


Dungeon Overview and Level Annotations

Branches:
Dungeon (8/15)             Temple (1/1) D:6
   Lair: D:8-11

Altars:
Ashenzari
Cheibriados
Dithmenos
Elyvilon
Fedhas
Gozag
Hepliaklqana
Kikubaaqudgha
Makhleb
Nemelex Xobeh
Qazlal
Ru
Sif Muna
Trog
Uskayaw
Vehumet
Wu Jian
Xom
Yredelemnul
Zin
The Shining One
Lugonu

Annotations:
D:5 3 runed translucent doors, exclusions: player ghost, skeleton and zombie, Maedhros's ghost, novice OpAr
D:7 2 transporters


Innate Abilities, Weirdness & Mutations

You reflexively headbutt those who attack you in melee.
You have a pair of horns on your head.


Message History

You are too injured to fight recklessly!
You are too injured to fight recklessly!
You feel clever all of a sudden.
The phantom blinks!
You hit the two-headed ogre.
The two-headed ogre is lightly wounded.
The two-headed ogre hits you with a +0 giant club!
The two-headed ogre hits you with a cursed -2 giant club!
* * * LOW HITPOINT WARNING * * *
You hit the two-headed ogre.
The two-headed ogre is lightly wounded.
You hit the two-headed ogre but do no damage.
The two-headed ogre is lightly wounded.
The two-headed ogre hits you with a +0 giant club!
* * * LOW HITPOINT WARNING * * *
The two-headed ogre barely misses you.
The orc priest looks braver for a moment.
You feel better.
The two-headed ogre hits you with a +0 giant club!
You die...

........#.#
#........##.#
.########.#
#.#########.# .# #.#
#.# #.# .#
#.########.#########.#
.#
#.#..................#
.#
#........#.###########
.# ###.####.#(# .#
#.....)..# ###
######@### ..# #O# ..#
#Z# (.+ #o# (.######
#o# #......#


oo. ....##.# ### ....# ....# You could see a two-headed ogre, 2 orc priests, 2
orcs and a bullfrog skeleton.

Vanquished Creatures
  An orc warrior (D:8)
  3 ice beasts
  A black bear (D:7)
  2 ogres
  A centaur (D:8)
  A big kobold (D:8)
  4 bullfrogs
  2 scorpions
  2 crimson imps (D:6)
  A centaur zombie (D:6)
  A bullfrog skeleton (D:8)
  3 hounds
  2 orc priests
  A jelly (D:6)
  2 centaur skeletons
  Ijyb (D:4)
  8 worker ants
  7 orc wizards
  2 hound skeletons
  3 gnolls (D:4)
  11 adders
  An ooze (D:2)
  An adder zombie (D:8)
  3 adder skeletons
  3 worms
  2 dart slugs (D:1)
  5 leopard geckos
  30 orcs
  3 ball pythons
  11 bats
  5 giant cockroaches
  9 goblins
  5 hobgoblins
  9 jackals
  2 quokkas
  A ball python skeleton (D:5)
  7 frilled lizards
  A giant cockroach zombie (D:2)
  A jackal skeleton (D:7)
  A jackal zombie (D:2)
  10 kobolds
  A quokka zombie (D:6)
  5 rats
175 creatures vanquished.

Notes
Turn   | Place    | Note
-------+----------+-------------------------------------------
     0 | D:1      | Echocat the Minotaur Berserker began the quest for the Orb.
     0 | D:1      | Reached XP level 1. HP: 19/19 MP: 0/0
    53 | D:1      | Reached XP level 2. HP: 21/27 MP: 1/1
   638 | D:1      | Reached ** piety under Trog
   642 | D:1      | Reached XP level 3. HP: 31/33 MP: 2/2
  1227 | D:2      | Reached XP level 4. HP: 41/41 MP: 3/3
  1385 | D:2      | Reached skill level 1 in Shields
  1446 | D:2      | Reached skill level 1 in Throwing
  1545 | D:2      | Found a burning altar of Makhleb.
  1703 | D:2      | Reached XP level 5. HP: 47/47 MP: 4/4
  2027 | D:2      | Reached skill level 1 in Stealth
  2469 | D:3      | Reached *** piety under Trog
  2507 | D:3      | Found a faded altar of an unknown god.
  2962 | D:4      | Reached XP level 6. HP: 11/53 MP: 5/5
  3160 | D:4      | Noticed Ijyb
  3170 | D:4      | Killed Ijyb
  3973 | D:4      | Found a hide-covered altar of Uskayaw.
  4223 | D:5      | Entered Level 5 of the Dungeon
  4337 | D:5      | Reached XP level 7. HP: 60/60 MP: 6/6
  4497 | D:5      | Reached skill level 5 in Fighting
  4769 | D:5      | Found a runed translucent gate.
  4770 | D:5      | Found a glowing golden altar of the Shining One.
  4771 | D:5      | Found a runed translucent gate.
  4775 | D:5      | Found a runed translucent gate.
  4780 | D:5      | Noticed Maedhros's ghost (novice OpAr)
  5010 | D:5      | Found a hazy altar of Hepliaklqana.
  5178 | D:5      | Found a snail-covered altar of Cheibriados.
  5220 | D:5      | Found an ornate altar of the Wu Jian Council.
  5663 | D:6      | Reached skill level 5 in Armour
  5717 | D:6      | Reached skill level 5 in Short Blades
  5717 | D:6      | Reached XP level 8. HP: 45/68 MP: 7/7
  5932 | D:6      | You fall into a shaft and drop 1 floor!
  6004 | D:7      | Reached skill level 5 in Dodging
  6138 | D:7      | Reached skill level 5 in Shields
  6141 | D:7      | Found a transporter.
  6157 | D:7      | Noticed a purple ugly thing
  6158 | D:7      | Noticed a purple ugly thing
  6158 | D:7      | Noticed a red ugly thing
  6217 | D:7      | Found a corrupted altar of Lugonu.
  6219 | D:7      | Found a transporter.
  6639 | D:7      | Found a sacrificial altar of Ru.
  6786 | D:6      | Reached **** piety under Trog
  6839 | D:6      | Found a staircase to the Ecumenical Temple.
  7412 | D:6      | Found a sparkling altar of Nemelex Xobeh.
  7480 | Temple   | Entered the Ecumenical Temple
  7638 | D:8      | Reached XP level 9. HP: 70/75 MP: 8/8
  7805 | D:8      | Noticed a two-headed ogre
  7833 | D:8      | HP: 3/75 [two-headed ogre/+0 giant club (17)]
  7834 | D:8      | Slain by a two-headed ogre

Illustrated notes

Levels and vault maps discovered:
D:1:      minmay_arrival_cross, layout_basic, minmay_hexomino_p4
D:2:      cheibrodos_pilgrimage, layout_loops_corners, lemuel_crystal_altar,
          serial_undead, serial_undead_b, serial_undead_b, serial_undead_e,
          serial_undead_f, serial_undead_b, serial_undead_f,
          minmay_split_cup_large
D:3:      layout_basic, chequers_ecumenical_altar_simple_redux
D:4:      layout_cave_pods, kennysheep_mini_moat, uniq_ijyb
D:5:      layout_layer_cave, nicolae_overflow_quartered_altars,
          gammafunk_ghost_necromancy, first_ration
D:6:      layout_loops_cross, marbit_many_paths,
          minmay_temple_entry_glassed_door
D:7:      gammafunk_corrupted_shrine, layout_basic, kennysheep_little_box
D:8:      layout_basic, overflow_temple_1_default, basic_altar, serial_shops,
          shop
Temple:   cyrus_circular_temple

Skill      XL: |  1  2  3  4  5  6  7  8  9 |
---------------+----------------------------+-----
Fighting       | 4 5 6 |  6.0
Short Blades   | 4 5 |  5.6
Shields        | 1 2 3 4 5 |  5.7
Armour         | 3 4 5 6 |  6.5
Throwing       | 1 2 3 4 |  4.8
Dodging        | 3 4 5 6 |  6.0
Stealth        | 1 2 |  2.8

Action                   |  1- 3 |  4- 6 |  7- 9 || total
-------------------------+-------+-------+-------++-------
Melee: Short sword       |    75 |   180 |       ||   255
       Headbutt          |    15 |    47 |    90 ||   152
       Dagger            |       |    33 |   391 ||   424
       Spear             |       |     5 |       ||     5
Invok: Trog's Hand       |       |     1 |       ||     1
  Use: Scroll            |     3 |     6 |     4 ||    13
       Potion            |       |     3 |     2 ||     5
  Eat: Chunk             |     1 |     8 |     8 ||    17
       Ration            |       |     1 |     1 ||     2
Armor: Animal skin       |    12 |       |       ||    12
       Chain mail        |    56 |    95 |   147 ||   298
Dodge: Dodged            |    65 |    60 |    69 ||   194
Block: Kite shield       |    15 |   105 |   129 ||   249

Table legend:
 A = Non-vault XP
 B = Vault XP
 C = Vault XP percentage of total XP
 D = Non-vault monster count
 E = Vault monster count
 F = Vault count percentage of total count
                 A         B        C        D         E       F
            +---------+---------+-------+---------+---------+-------
      Total |    3019 |     173 |   5.4 |     156 |      19 |  10.9
            +---------+---------+-------+---------+---------+-------
        D:1 |      36 |       6 |  14.3 |      22 |       4 |  15.4
        D:2 |     134 |      89 |  39.9 |      25 |      13 |  34.2
        D:3 |      68 |       0 |   0.0 |      13 |       0 |   0.0
        D:4 |     323 |      36 |  10.0 |      20 |       1 |   4.8
        D:5 |     377 |       0 |   0.0 |      20 |       0 |   0.0
        D:6 |     866 |      42 |   4.6 |      31 |       1 |   3.1
        D:7 |     700 |       0 |   0.0 |       8 |       0 |   0.0
        D:8 |     515 |       0 |   0.0 |      17 |       0 |   0.0
            +---------+---------+-------+---------+---------+-------
